 Dungeon Crawl Stone Soup version 0.21.1-1-g345015f (webtiles) character file.

7186 Hebeh the Severer (level 10, -3/87 HPs)
             Began as a Deep Dwarf Fighter on June 16, 2018.
             Was a Believer of Makhleb.
             Slain by a cyan ugly thing (14 damage)
             ... on level 11 of the Dungeon.
             The game lasted 00:52:51 (7318 turns).

Hebeh the Severer (Deep Dwarf Fighter)              Turns: 7318, Time: 00:52:52

Health: -3/87      AC: 11    Str: 28    XL:     10   Next: 87%
Magic:  1/1        EV:  8    Int: 10    God:    Makhleb [**....]
Gold:   458        SH: 12    Dex: 15    Spells: 9/9 levels left

rFire    + . .     SeeInvis .   P - +1 trident "Uploklog" {antimagic, *Contam rPois Str+4 Dex+3}
rCold    . . .     Gourm    .   c - +1 shield
rNeg     . . .     Faith    .   b - +0 scale mail
rPois    +         Spirit   .   y - +0 helmet
rElec    .         Reflect  .   (no cloak)
rCorr    .         Harm     .   (no gloves)
MR       +....                  D - +2 pair of boots of Compassion {Str+2}
Stlth    ..........             (no amulet)
HPRegen  0.00/turn              r - ring of protection from fire
MPRegen  0.07/turn              M - ring of poison resistance

@: non-regenerating
A: damage resistance, heal wounds, sense surroundings 2, no regeneration
a: Heal Wounds, Minor Destruction, Renounce Religion


You were on level 11 of the Dungeon.
You worshipped Makhleb.
Makhleb was pleased with you.
You were not hungry.

You visited 2 branches of the dungeon, and saw 12 of its levels.

You collected 458 gold pieces.

Inventory:

Hand Weapons
 a - a +0 war axe
 f - a +0 whip of venom
 K - a +2 hunting sling of freezing
 P - the +1 trident "Uploklog" (weapon) {antimagic, *Contam rPois Str+4 Dex+3}
   (You found it on level 9 of the Dungeon)

   It reduces the magical energy of the wielder, and disrupts the spells and
   magical abilities of those hit.
   Natural abilities and divine invocations are not affected.
   It affects your strength (+4).
   It affects your dexterity (+3).
   It protects you from poison.
   It causes magical contamination when unequipped.
 R - a +0 mace
Armour
 b - a +0 scale mail (worn)
 c - a +1 shield (worn)
 y - a +0 helmet (worn)
 D - the +2 pair of boots of Compassion (worn) {Str+2}
   (You found it on level 5 of the Dungeon)

   It affects your strength (+2).
 G - a +0 plate armour
Jewellery
 r - a ring of protection from fire (left hand)
 M - a ring of poison resistance (right hand)
Wands
 o - a wand of enslavement (15)
 w - a wand of digging (11)
 E - a wand of paralysis (20)
 I - a wand of iceblast (11)
Scrolls
 i - 4 scrolls of identify
 l - 4 scrolls of enchant armour
 p - 2 scrolls of magic mapping
 q - a scroll of fog
 u - 5 scrolls of remove curse
 x - a scroll of blinking {unknown}
 z - a scroll of random uselessness {unknown}
 A - 3 scrolls of teleportation
 F - a scroll of fear {unknown}
 J - 2 scrolls of amnesia {unknown}
 Q - a scroll of vulnerability {unknown}
Potions
 d - 3 potions of might
 e - 5 potions of heal wounds
 g - 2 potions of ambrosia {unknown}
 h - 2 potions of magic {unknown}
 j - 5 potions of degeneration {unknown}
 k - 2 potions of agility {unknown}
 m - 4 potions of brilliance {unknown}
 n - 5 potions of curing {unknown}
 t - a potion of berserk rage {unknown}
 v - 3 potions of mutation {unknown}
 B - a potion of cancellation {unknown}
 C - 2 potions of invisibility {unknown}
 H - 2 potions of haste {unknown}
 L - a potion of lignification {unknown}
Books
 N - a book of Cantrips

   Spells                             Type                      Level
   a - Confusing Touch                Hexes                        1
   b - Animate Skeleton               Necromancy                   1
   c - Summon Small Mammal            Summoning                    1
   d - Apportation                    Translocation                1
Comestibles
 s - 22 rations
 O - 3 chunks of flesh


   Skills:
 - Level 4.4 Fighting
 * Level 15.5(15.6) Axes
 * Level 2.8(9.3) Polearms
 - Level 5.3 Armour
 - Level 5.3 Shields


You had 9 spell levels left.
You didn't know any spells.

Dungeon Overview and Level Annotations

Branches:
Dungeon (12/15)            Temple (1/1) D:6            Lair (0/6) D:9
    Orc: D:9-12

Altars:
Ashenzari
Cheibriados
Dithmenos
Elyvilon
Fedhas
Gozag
Hepliaklqana
Kikubaaqudgha
Makhleb
Nemelex Xobeh
Qazlal
Ru
Sif Muna
Trog
Uskayaw
Vehumet
Wu Jian
Xom
Yredelemnul
Zin
The Shining One


Innate Abilities, Weirdness & Mutations

You are resistant to damage.
You can heal yourself by infusing magical energy.
You passively map the area around you.
You do not regenerate.


Message History

The cyan ugly thing barely misses you.
You hit the cyan ugly thing.
The cyan ugly thing is lightly wounded.
The cyan ugly thing completely misses you.
You puncture the cyan ugly thing!
The cyan ugly thing is moderately wounded.
The cyan ugly thing engulfs you. The cyan ugly thing shocks you!
* * * LOW HITPOINT WARNING * * *
You hit the cyan ugly thing.
The cyan ugly thing is moderately wounded.
The cyan ugly thing engulfs you.
* * * LOW HITPOINT WARNING * * *
The cyan ugly thing shocks you!
* * * LOW HITPOINT WARNING * * *
You barely miss the cyan ugly thing.
The cyan ugly thing is moderately wounded.
The cyan ugly thing engulfs you.
* * * LOW HITPOINT WARNING * * *
The cyan ugly thing shocks you!
You die...

, * * , , , , *
#.....+ , #.., , , ,
#.....# , #.#** , ,
#.....# , #.# **
#.....#######.# , *
*#.............###.
,, **
*#................. *
* *
#................. *
#@u...........# * ,
,,,#.....#######.####
, ,
#######.....#..... ,
* #..........#..... *
, **
#..........#...## , ,
, ,#.).##.....+.....
, **
#...##.....#..... ,*
#..........#..... * *
#>.....†...####'#


You could see a cyan ugly thing.

Vanquished Creatures
  A two-headed ogre (D:9)
  An unseen horror (D:8)
  Psyche (D:8)
  A hippogriff (D:8)
  Sigmund (D:2)
  6 humans (D:8)
  The ghost of Ramesses the Caller, an amateur OpSu of Dithmenos (D:3)
  3 sky beasts
  4 phantoms
  2 orc warriors
  2 ice beasts
  A black bear (D:6)
  A necrophage (D:7)
  8 ogres
  2 centaurs (D:7)
  2 crocodiles
  6 bullfrogs
  A wyvern zombie (D:8)
  2 scorpions
  A wyvern skeleton (D:9)
  4 howler monkeys
  3 crimson imps
  A bullfrog zombie (D:6)
  A quasit (D:8)
  A bullfrog skeleton (D:8)
  3 orc priests
  A hound (D:8)
  3 centaur skeletons
  Jessica (D:2)
  5 iguanas
  Natasha (twice) (D:4)
  4 orc wizards
  Ijyb (D:3)
  9 worker ants
  A hound skeleton (D:8)
  A howler monkey skeleton (D:9)
  7 adders
  13 gnolls
  3 shadow imps
  2 oozes
  An adder zombie (D:6)
  2 adder skeletons
  2 worms
  2 dart slugs
  5 leopard geckos
  22 orcs
  11 bats
  3 giant cockroaches
  9 goblins
  4 hobgoblins
  4 jackals
  3 quokkas
  A ball python (D:2)
  4 frilled lizards
  10 kobolds
  2 quokka zombies (D:5)
  2 rats
200 creatures vanquished.

Notes
Turn   | Place    | Note
-------+----------+-------------------------------------------
     0 | D:1      | Hebeh the Deep Dwarf Fighter began the quest for the Orb.
     0 | D:1      | Reached XP level 1. HP: 20/20 MP: 1/1
   241 | D:1      | Reached XP level 2. HP: 25/27 MP: 2/2
  1298 | D:2      | Noticed Jessica
  1302 | D:2      | Killed Jessica
  1302 | D:2      | Reached skill level 3 in Axes
  1302 | D:2      | Reached XP level 3. HP: 32/34 MP: 3/3
  1321 | D:2      | Reached XP level 4. HP: 28/42 MP: 4/4
  1520 | D:2      | Found a snail-covered altar of Cheibriados.
  1545 | D:2      | Noticed Sigmund
  1570 | D:2      | Killed Sigmund
  1570 | D:2      | Reached skill level 4 in Axes
  1570 | D:2      | Reached XP level 5. HP: 40/49 MP: 5/5
  1672 | D:2      | Found a shimmering altar of Xom.
  1855 | D:3      | Found a basalt altar of Yredelemnul.
  1909 | D:3      | Reached XP level 6. HP: 41/57 MP: 6/6
  1915 | D:3      | Noticed Ijyb
  1926 | D:3      | Killed Ijyb
  2124 | D:3      | Found an opulent altar of Gozag.
  2430 | D:3      | Reached skill level 5 in Axes
  2460 | D:3      | Noticed Ramesses's ghost (amateur OpSu)
  2475 | D:3      | Killed Ramesses's ghost
  2530 | D:4      | Noticed Natasha
  2536 | D:4      | Killed Natasha
  2536 | D:4      | Reached XP level 7. HP: 22/64 MP: 6/6
  2558 | D:4      | Reached skill level 5 in Armour
  2601 | D:4      | Found a blossoming altar of Fedhas.
  2687 | D:4      | Reached skill level 5 in Shields
  2792 | D:4      | Reached skill level 6 in Axes
  3084 | D:4      | Noticed Natasha
  3090 | D:4      | Killed Natasha
  3282 | D:4      | Found a bloodstained altar of Trog.
  3284 | D:4      | Found a deep blue altar of Sif Muna.
  3285 | D:4      | Found a glowing silver altar of Zin.
  3287 | D:4      | Found a burning altar of Makhleb.
  3288 | D:4      | Found a sacrificial altar of Ru.
  3290 | D:4      | Found a shadowy altar of Dithmenos.
  3296 | D:4      | Became a worshipper of Makhleb the Destroyer
  3451 | D:5      | Entered Level 5 of the Dungeon
  3997 | D:5      | Got a pair of faintly glowing boots
  4004 | D:5      | Identified the +2 pair of boots of Compassion {Str+2} (You found it on level 5 of the Dungeon)
  4146 | D:6      | Reached skill level 7 in Axes
  4266 | D:6      | Reached XP level 8. HP: 52/73 MP: 5/5
  4308 | D:6      | Reached skill level 8 in Axes
  4468 | D:6      | Found a staircase to the Ecumenical Temple.
  4477 | D:6      | Reached skill level 9 in Axes
  4484 | Temple   | Entered the Ecumenical Temple
  4952 | D:6      | Reached * piety under Makhleb
  4952 | D:6      | Reached skill level 10 in Axes
  5150 | D:7      | Gained mutation: You passively map the area around you. [Deep Dwarf growth]
  5150 | D:7      | Reached XP level 9. HP: 45/79 MP: 5/5
  5229 | D:7      | Reached skill level 11 in Axes
  5303 | D:7      | Reached skill level 12 in Axes
  5925 | D:7      | Reached skill level 13 in Axes
  5993 | D:8      | Noticed Psyche
  6000 | D:8      | Killed Psyche
  6054 | D:8      | Reached XP level 10. HP: 82/87 MP: 5/5
  6113 | D:8      | Reached skill level 14 in Axes
  6179 | D:8      | Reached ** piety under Makhleb
  6468 | D:8      | Killed an unseen horror
  6812 | D:8      | Reached skill level 15 in Axes
  6946 | D:9      | Got a steaming trident
  6948 | D:9      | Identified the +1 trident "Uploklog" {antimagic, *Contam rPois Str+4 Dex+3} (You found it on level 9 of the Dungeon)
  7003 | D:9      | Noticed a two-headed ogre
  7010 | D:9      | Killed a two-headed ogre
  7137 | D:9      | Found a staircase to the Lair.
  7191 | D:9      | You fall through a shaft for 3 floors!
  7191 | D:12     | Noticed a two-headed ogre
  7296 | D:11     | Noticed a seven-headed hydra
  7304 | D:11     | Noticed a cyan ugly thing
  7318 | D:11     | Slain by a cyan ugly thing

Skill      XL: |  1  2  3  4  5  6  7  8  9 10 |
---------------+-------------------------------+-----
Fighting       | 3 4 |  4.4
Axes           | 3 4 5 7 10 13 15 | 15.5
Armour         | 4 5 |  5.3
Shields        | 4 5 |  5.3
Polearms       | 2 |  2.8

Action                   |  1- 3 |  4- 6 |  7- 9 | 10-12 || total
-------------------------+-------+-------+-------+-------++-------
Melee: War axe           |   106 |   205 |   454 |   175 ||   940
       Trident           |       |       |       |    39 ||    39
 Abil: Heal Wounds       |       |     2 |    10 |     3 ||    15
Evoke: Wand              |       |       |     4 |       ||     4
  Use: Scroll            |       |       |     5 |     4 ||     9
       Potion            |       |       |       |     1 ||     1
 Stab: Paralysed         |       |       |     6 |       ||     6
  Eat: Ration            |     1 |       |       |       ||     1
       Chunk             |       |     3 |    12 |     4 ||    19
Armor: Scale mail        |    58 |    81 |   141 |   102 ||   382
Dodge: Dodged            |    43 |    57 |   111 |    38 ||   249
Block: Shield            |    75 |   107 |   209 |   103 ||   494
